Map: Ruins of Seras

Players

Jonic

  • Race: Protoss Protoss
  • League: Master

Tang - Winner!

  • Race: Zerg Zerg
  • League: Master

VOD

Have the link to the VOD?

Description

Time

  • Played on: Dec. 31, 2015, 11:38 a.m.
  • Length: 6:04
Show
View Real Time Build Order
Export as new Build Order

Jonic Protoss 

Build Orders:  

Get SALT Encoding   

  12  0:01  Probe (Chrono Boost)  
  13  0:11  Probe (Chrono Boost)  
  14  0:18  Pylon  
  14  0:23  Probe (Chrono Boost)  
  15  0:36  Probe (Chrono Boost)  
  15  0:38  Gateway  
  16  0:45  Assimilator  
  16  0:47  Probe (Chrono Boost)  
  17  0:58  Probe (Chrono Boost)  
  17  1:02  Gateway  
  18  1:09  Probe (Chrono Boost)  
  19  1:26  Cybernetics Core  
  19  1:49  Nexus  
  19  2:04  Adept (Chrono Boost)  
  19  2:06  Adept (Chrono Boost)  
  23  2:12  Pylon  
  23  2:18  Assimilator  
  23  2:20  Warp Gate  
  23  2:30  Probe (Chrono Boost)  
  24  2:41  Probe (Chrono Boost)  
  24  2:43  Twilight Council  
  25  2:52  Probe (Chrono Boost)  
  28  2:58  Adept  
  28  3:01  Probe (Chrono Boost)  
  28  3:02  Probe (Chrono Boost)  
  30  3:12  Probe (Chrono Boost)  
  31  3:13  Probe (Chrono Boost)  
  32  3:23  Probe (Chrono Boost)  
  32  3:28  Mothership Core (Chrono Boost)  
  32  3:30  Gateway  
  31  3:36  Gateway  
  31  3:43  Pylon  
  31  3:47  Pylon  
  31  3:50  Probe (Chrono Boost)  
  31  3:52  Probe (Chrono Boost)  
  33  3:58  Resonating Glaives (Chrono Boost)  
  33  4:03  Probe  
  33  4:04  Probe  
  35  4:14  Probe  
  35  4:16  Probe  
  37  4:24  Probe  
  37  4:26  Adept  
  37  4:27  Adept  
  37  4:28  Probe  
  43  4:33  Sentry  
  43  4:35  Probe  
  46  4:40  Probe  
  45  4:45  Probe  
  45  4:47  Adept x2  
  52  5:02  Stalker  
  52  5:09  Stalker x2  
  46  5:25  Stalker  
  46  5:26  Stalker  
  40  5:30  Pylon  
  40  5:31  Pylon  
  40  5:34  Sentry, Zealot  
  42  5:43  Probe  
  42  5:44  Probe  
  42  5:48  Zealot  
  27  6:00  Zealot  
Show
View Real Time Build Order
Export as new Build Order

Tang Zerg - Winner!

Build Orders: Pool First 

Get SALT Encoding   

  12  0:01  Drone  
  13  0:13  Overlord  
  13  0:18  Drone  
  14  0:31  Drone x2  
  14  0:35  Drone  
  17  0:47  Drone  
  18  0:52  Spawning Pool  
  18  0:56  Drone, Extractor  
  17  1:08  Drone  
  18  1:19  Hatchery  
  18  1:23  Drone  
  18  1:28  Drone  
  19  1:42  Overlord  
  19  1:49  Queen  
  19  1:50  Zergling x2  
  22  1:55  Metabolic Boost  
  22  2:00  Zergling x2  
  23  2:11  Zergling x2  
  24  2:24  Queen  
  24  2:29  Zergling x2  
  27  2:31  Overlord  
  27  2:36  Zergling x2  
  28  2:42  Overlord  
  27  2:51  Zergling x2  
  28  2:59  Zergling x10  
  33  3:06  Roach Warren  
  30  3:44  Overlord x2  
  30  3:50  Roach x3  
  30  3:51  Roach x5  
  45  4:07  Zergling x10  
  49  4:10  Zergling x2  
  49  4:15  Zergling x4  
  51  4:24  Zergling x6  
  51  4:26  Zergling x2  
  54  4:32  Zergling x2  
  55  4:45  Zergling x4  
  55  4:49  Zergling x4  
  55  4:50  Zergling x6  
  60  4:57  Zergling x4  
  53  5:17  Zergling x4  
  51  5:27  Zergling x8  
  51  5:28  Zergling x10  
  55  5:43  Zergling x2  
  55  5:47  Drone  
  55  5:51  Drone x2  
Tags
 
Add a new tag
Caveats
  • Supply blocks, unpowered buildings, or Contaminate may cause inaccurate times.
  • Supply counts are checked every 10 seconds.